 Dungeon Crawl Stone Soup version 0.18.1-1-g2f07953 (webtiles) character file.

60760 M4edhros the Martial Artist (level 15, -2/94 HPs)
             Began as an Octopode Necromancer on May 7, 2016.
             Was the Champion of Cheibriados.
             Slain by an alligator (17 damage)
             ... led by an alligator
             ... on level 2 of the Swamp.
             The game lasted 01:18:55 (10765 turns).

M4edhros the Martial Artist (Octopode Necromancer) Turns: 10765, Time: 01:18:55

Health: -2/94      AC:  5    Str: 22    XL:     15   Next: 0%
Magic:  8/23       EV: 29    Int: 35    God:    Cheibriados [******]
Gold:   424        SH:  2    Dex: 32    Spells: 8 memorised, 2 levels left

rFire  . . .     SeeInvis .       - Unarmed
rCold  + + +     Gourm    .     (no shield)
rNeg   . . .     Faith    .     (helmet restricted)
rPois  +         Spirit   .     A - amulet of regeneration
rElec  .         Dismiss  .     f - ring of stealth
rCorr  .         Reflect  .     i - ring of poison resistance
SustAt .         Harm     .     D - ring of protection from cold
MR     +....     Rnd*Rage +     T - ring of protection from cold
Stlth  +++++++...               Q - ring of flight
                                (no ring)
                                (no ring)
                                (no ring)

@: very slow, somewhat resistant to hostile enchantments, extremely stealthy
A: almost no armour, amphibious, 8 rings, constrict 8, large bone plates 1, thin
metallic scales 1, camouflage 1, berserk 1, blink, cold resistance 1, frail 1,
poison resistance, gelatinous body 1
a: Blink, Bend Time, Temporal Distortion, Slouch, Step From Time, Renounce
Religion, Evoke Flight


You were on level 2 of the Swamp.
You worshipped Cheibriados.
Cheibriados was exalted by your worship.
You were very hungry.

You visited 5 branches of the dungeon, and saw 26 of its levels.
You also visited: Ice Cave.

You collected 1808 gold pieces.
You spent 1384 gold pieces at shops.

Inventory:

Hand Weapons
 p - a +1 hunting sling of venom
 q - a +0 blowgun
 s - a +0 falchion of protection
 u - a +2 whip of freezing
Missiles
 e - 422 stones (quivered)
 l - 78 sling bullets
 C - 8 curare-tipped needles
Armour
 X - a +0 large shield
Jewellery
 f - a ring of stealth (left tentacle)
 i - a ring of poison resistance (right tentacle)
 A - an amulet of regeneration (around mantle)
 D - a ring of protection from cold (on tentacle)
 G - an uncursed ring of teleportation
 P - an uncursed amulet of guardian spirit
 Q - a ring of flight (on tentacle)
 T - a ring of protection from cold (on tentacle)
Wands
 c - a wand of slowing (0/48)
 g - a wand of digging (10/24)
 o - a wand of slowing (14/48)
 y - a wand of paralysis (0/24)
 E - a wand of flame (17/48)
 J - a wand of enslavement (14/24)
Scrolls
 d - a scroll of amnesia
 j - 2 scrolls of magic mapping
 k - 5 scrolls of fog {unknown}
 m - 2 scrolls of recharging
 n - a scroll of enchant weapon
 r - 3 scrolls of remove curse
 w - 5 scrolls of immolation
 z - 2 scrolls of random uselessness
 B - 2 scrolls of fear
 H - a scroll of noise
 N - a scroll of teleportation
 O - 4 scrolls of identify
Potions
 x - 2 potions of ambrosia
 F - 2 potions of flight
 K - a potion of lignification
 U - 2 potions of heal wounds
 V - a potion of resistance {unknown}
 Y - 2 potions of agility
 Z - a potion of magic
Books
 a - a book of Necromancy

   Spells                             Type                      Level
   a - Pain                           Necromancy                   1
   b - Animate Skeleton               Necromancy                   1
   c - Vampiric Draining              Necromancy                   3
   d - Regeneration                   Charms/Necromancy            3
   e - Animate Dead                   Necromancy                   4
   f - Control Undead                 Necromancy                   4
 v - a book of Clouds

   Spells                             Type                      Level
   a - Mephitic Cloud                 Conjuration/Poison/Air       3
   b - Conjure Flame                  Conjuration/Fire             3
   c - Poisonous Cloud                Conjuration/Poison/Air       6
   d - Freezing Cloud                 Conjuration/Ice/Air          6
   e - Ring of Flames                 Charms/Fire                  7
 W - the Papyrus of the Mountains and Aid
   (You bought it in a shop on level 8 of the Dungeon)

   Spells                             Type                      Level
   a - Shroud of Golubria             Charms/Translocation         2
   b - Haste                          Charms                       6
   c - Iron Shot                      Conjuration/Earth            6
   d - Statue Form                    Transmutation/Earth          6
Miscellaneous
 I - a sack of spiders {used: 2}
Comestibles
 b - 8 bread rations
 t - 6 fruits
 M - 3 beef jerkies
 R - a slice of pizza
 S - a royal jelly


   Skills:
 - Level 10.6 Fighting
 - Level 13.0 Dodging
 - Level 7.9 Stealth
 - Level 13.9 Unarmed Combat
 - Level 5.7 Spellcasting
 - Level 4.0 Necromancy
 * Level 5.2 Transmutations
 - Level 2.3 Air Magic
 * Level 4.8 Earth Magic
 - Level 6.1 Invocations
 - Level 7.1 Evocations


You had 2 spell levels left.
You knew the following spells:

 Your Spells              Type           Power        Failure   Level  Hunger
a - Pain                  Necr           ####         1%          1    None
b - Animate Skeleton      Necr           N/A          1%          1    None
c - Animate Dead          Necr           N/A          10%         4    ##.....
d - Mephitic Cloud        Conj/Pois/Air  ###.....     10%         3    None
e - Conjure Flame         Conj/Fire      ##......     14%         3    None
f - Statue Form           Trmt/Erth      #####....    85%         6    ######.
g - Shroud of Golubria    Chrm/Tloc      ##........   10%         2    None
r - Regeneration          Chrm/Necr      ###.......   8%          3    None


Dungeon Overview and Level Annotations

Branches:
Dungeon (13/15)            Temple (1/1) D:5            Lair (8/8) D:8
  Swamp (2/4) Lair:6        Slime (0/6) Lair:8          Orc (2/2) D:11
    Elf (0/3) Orc:2
  Snake: Lair:3-6    Spider: Lair:3-6    Vaults: D:13-14

Altars:
Ashenzari
Cheibriados
Dithmenos
Elyvilon
Gozag
Kikubaaqudgha
Nemelex Xobeh
Pakellas
Qazlal
Vehumet
Xom
Beogh

Shops:
D:8 :   D:10 [   Orc:2 }(![

Annotations:
D:12 exclusion: ice statue
Lair:5 Kirke


Innate Abilities, Weirdness & Mutations

You cannot wear most types of armour.
You are amphibious.
You can wear up to eight rings at the same time.
You can use your tentacles to constrict eight enemies at once.
Your skin changes colour to match your surroundings (Stealth).
Your rubbery body absorbs attacks (AC +1).
You are partially covered in large bone plates (AC +2, SH +2).
You are partially covered in thin metallic scales (AC +2).
You tend to lose your temper in combat.
You can translocate small distances at will.
Your flesh is cold resistant.
You are frail (-10% HP).
Your system is resistant to poisons.


Message History

You tentacle-slap the giant leech but do no damage.
The giant leech is almost dead.
The giant leech is engulfed in noxious fumes.
The giant leech bites you!
* * * LOW HITPOINT WARNING * * *
The giant leech draws strength from your injuries!
Unknown command.
You bludgeon the giant leech!
You tentacle-slap the giant leech, but do no damage.
The giant leech is almost dead.
Your alligator zombie bites the giant leech!!
The giant leech dies!
Cheibriados appreciates the change of pace.
Unknown command.
You tentacle-slap the alligator.
You squeeze the alligator, but do no damage.
The alligator is severely wounded.
The alligator is engulfed in noxious fumes.
The alligator bites you!
You die...

♣♣§..≈≈≈..≈≈≈≈.
≈.≈. ≈≈≈..≈≈≈≈.
..≈≈.....(.≈≈≈.
≈≈≈..♣.≈≈.....≈
.≈≈≈≈.≈...≈≈..≈
§≈..≈...≈≈≈≈.≈≈
≈≈.....)tZ≈≈≈.≈
≈≈...≈≈@≈§≈≈).<
...≈.≈♣♣≈§..♣♣♣
♣♣♣.. ♣≈≈♣♣ ♣♣
♣♣♣


You could see an alligator (confused) and a friendly alligator zombie.

Vanquished Creatures
  Maud (Lair:8)
  Josephine (D:13)
  4 hydras
  3 alligators
  4 death yaks
  A queen ant (D:9)
  An orc high priest (Orc:2)
  Sonja (D:10)
  A fire crab (Lair:5)
  Pikel (D:4)
  4 hill giants
  2 griffons
  4 orc sorcerers (Orc:2)
  A cyclops (D:13)
  A wolf spider (Lair:8)
  An ugly thing (D:11)
  An elephant (D:8)
  A manticore (D:13)
  4 black mambas
  A guardian serpent (Lair:8)
  2 torpor snails (Lair:7)
  A centaur zombie (D:12)
  18 spiny frogs
  2 rime drakes
  7 komodo dragons
  A giant leech (Swamp:1)
  5 trolls
  5 blink frogs (Lair:5)
  3 slime creatures (D:13)
  A bog body (Swamp:1)
  2 redbacks (Lair:8)
  2 shadows
  A spriggan (Swamp:2)
  32 yaks
  4 wraiths
  5 wyverns
  A steam dragon (Lair:6)
  3 hippogriffs
  A basilisk (Lair:7)
  4 hogs
  A hungry ghost (D:13)
  2 wargs
  A swamp worm (Swamp:1)
  A mottled dragon (D:12)
  13 water moccasins
  18 soldier ants
  28 orc warriors
  11 porcupines
  5 wasps
  3 sky beasts
  A black bear (D:6)
  3 phantoms
  17 ice beasts
  16 wolves
  10 ogres
  10 crocodiles
  4 centaurs
  11 giant frogs
  A wyvern skeleton (D:13)
  A troll zombie (D:11)
  8 wights
  15 killer bees
  2 howler monkeys (D:10)
  5 crimson imps
  A giant frog zombie (D:5)
  A quasit (D:10)
  A giant frog skeleton (D:5)
  2 hounds
  A jelly (D:10)
  A centaur skeleton (D:8)
  9 iguanas
  28 orc priests
  33 orc wizards
  21 worker ants
  12 sheep
  3 ogre zombies (D:11)
  A hound skeleton (D:10)
  Robin (D:4)
  A gnoll (D:11)
  13 adders
  32 river rats
  A shadow imp (D:9)
  2 adder skeletons
  An adder zombie (D:9)
  A dart slug (D:1)
  3 giant geckos
  83 orcs
  5 bats
  5 giant cockroaches
  11 goblins
  6 hobgoblins
  3 jackals (D:1)
  2 quokkas
  A ball python (D:2)
  A giant newt (D:3)
  2 goblin skeletons (D:11)
  A goblin zombie (D:11)
  A hobgoblin zombie (D:11)
  7 kobolds
  An orc skeleton (D:11)
  7 orc zombies (D:11)
  7 rats
  10 fungi
  4 plants
651 creatures vanquished.

Vanquished Creatures (collateral kills)
  A hydra (Lair:5)
  2 death yaks (Lair:5)
  A griffon (Lair:8)
  An ugly thing (D:12)
  A black mamba (Lair:8)
  3 spiny frogs (Lair:8)
  A rime drake (Lair:8)
  2 giant leeches
  2 wyverns (Lair:8)
  A yak (Lair:6)
  2 basilisks
  A hog (Lair:4)
  3 hungry ghosts (D:11)
  6 water moccasins
  3 soldier ants (D:9)
  A porcupine (Lair:7)
  Duvessa (D:4)
  2 orc warriors (Orc:2)
  A wasp (Lair:8)
  An ogre (D:4)
  A crocodile (Lair:6)
  A big kobold (D:6)
  A gnoll sergeant (D:11)
  A giant frog (D:6)
  Dowan (D:4)
  2 scorpions
  A killer bee (D:10)
  A wight (D:4)
  A giant frog zombie (D:5)
  An orc wizard (Orc:2)
  An orc priest (Orc:2)
  9 worker ants
  3 sheep (Lair:7)
  2 ogre zombies (D:11)
  2 gnolls (D:11)
  2 adders
  8 orcs
  A giant cockroach (D:5)
  A quokka (D:12)
  A goblin skeleton (D:11)
  A hobgoblin zombie (D:11)
  4 orc zombies (D:11)
  12 fungi
  14 plants
108 creatures vanquished.

Vanquished Creatures (others)
  An orc high priest (Orc:2)
  An orc sorcerer (Orc:2)
  A crocodile (Lair:8)
  A goblin (D:4)
  15 fungi
  16 plants
35 creatures vanquished.

Grand Total: 794 creatures vanquished

Notes
Turn   | Place    | Note
--------------------------------------------------------------
     0 | D:1      | M4edhros the Octopode Necromancer began the quest for the Orb.
     0 | D:1      | Reached XP level 1. HP: 11/11 MP: 3/3
    31 | D:1      | Reached skill level 1 in Unarmed Combat
    40 | D:1      | Reached XP level 2. HP: 1/17 MP: 1/5
    44 | D:1      | Learned a level 1 spell: Animate Skeleton
   463 | D:1      | Reached XP level 3. HP: 19/21 MP: 3/6
   469 | D:1      | Learned a level 3 spell: Regeneration
   776 | D:3      | Reached XP level 4. HP: 23/27 MP: 7/7
   868 | D:4      | Noticed an ogre
   886 | D:4      | Found a shimmering altar of Xom.
   892 | D:4      | Reached XP level 5. HP: 22/31 MP: 2/8
   988 | D:4      | Killed an ogre
   988 | D:4      | Reached skill level 5 in Unarmed Combat
   988 | D:4      | Reached XP level 6. HP: 34/36 MP: 1/9
  1102 | D:4      | Noticed Dowan
  1103 | D:4      | Noticed Duvessa
  1129 | D:4      | Killed Duvessa
  1132 | D:4      | Killed Dowan
  1179 | D:4      | Reached XP level 7. HP: 41/41 MP: 10/10
  1220 | D:4      | Noticed Robin
  1238 | D:4      | Killed Robin
  1343 | D:5      | Entered Level 5 of the Dungeon
  1388 | D:5      | Noticed Pikel
  1444 | D:4      | Killed Pikel
  1444 | D:4      | Reached XP level 8. HP: 15/46 MP: 6/11
  1678 | D:5      | Found a staircase to the Ecumenical Temple.
  1686 | Temple   | Entered the Ecumenical Temple
  1690 | Temple   | Became a worshipper of Cheibriados the Contemplative
  1722 | D:5      | Gained mutation: You can translocate small distances at will. [mutagenic meat]
  1723 | D:5      | Gained mutation: You possess an exceptional clarity of mind. [mutagenic meat]
  1724 | D:5      | Gained mutation: You are partially covered in thin metallic scales (AC +2). [mutagenic meat]
  1725 | D:5      | Gained mutation: Scrolls take you a little longer to read. [mutagenic meat]
  1726 | D:5      | Gained mutation: You are agile. (Dex +2) [mutagenic meat]
  1727 | D:5      | Gained mutation: You are resistant to electric shocks. [mutagenic meat]
  1770 | D:5      | Reached skill level 10 in Unarmed Combat
  1794 | D:5      | Learned a level 4 spell: Animate Dead
  1973 | D:6      | Reached XP level 9. HP: 24/51 MP: 2/12
  1983 | D:6      | Reached * piety under Cheibriados
  1983 | D:6      | Reached skill level 1 in Fighting
  2203 | D:6      | Learned a level 3 spell: Mephitic Cloud
  2419 | D:7      | Found a radiant altar of Vehumet.
  2427 | D:7      | Found an oddly glowing altar of Pakellas.
  2568 | D:8      | Found a stormy altar of Qazlal.
  2692 | D:8      | Reached ** piety under Cheibriados
  2699 | D:8      | Found a staircase to the Lair.
  2699 | D:8      | Noticed an elephant
  2702 | D:8      | Found a shadowy altar of Dithmenos.
  2719 | D:8      | Reached skill level 1 in Air Magic
  2748 | D:8      | Lost mutation: You are agile. (Dex +2) [potion of cure mutation]
  2748 | D:8      | Lost mutation: You are resistant to electric shocks. [potion of cure mutation]
  2748 | D:8      | Lost mutation: Scrolls take you a little longer to read. [potion of cure mutation]
  2748 | D:8      | Lost mutation: You possess an exceptional clarity of mind. [potion of cure mutation]
  2756 | D:8      | Killed an elephant
  2775 | Lair:1   | Entered Level 1 of the Lair of Beasts
  2782 | Lair:1   | Reached skill level 5 in Dodging
  2788 | Lair:1   | Reached XP level 10. HP: 61/65 MP: 9/13
  2979 | D:8      | Found Cuxikh's Book Boutique.
  3095 | D:9      | Reached skill level 1 in Evocations
  3130 | D:9      | Reached skill level 5 in Fighting
  3273 | D:9      | Found a sparkling altar of Nemelex Xobeh.
  3273 | D:9      | Found an opulent altar of Gozag.
  3378 | D:9      | Reached *** piety under Cheibriados
  3398 | D:9      | Noticed a queen ant
  3623 | D:9      | Reached **** piety under Cheibriados
  3709 | D:9      | Reached XP level 11. HP: 47/74 MP: 3/14
  3801 | D:9      | Killed a queen ant
  3850 | D:10     | Entered Level 10 of the Dungeon
  3863 | D:10     | Noticed a hill giant
  3876 | D:10     | Killed a hill giant
  3876 | D:10     | Reached skill level 1 in Invocations
  3930 | D:10     | Reached ***** piety under Cheibriados
  4103 | D:11     | Noticed a red ugly thing
  4119 | D:11     | Killed a red ugly thing
  4179 | D:10     | Noticed a hill giant
  4190 | D:10     | invisible ghost nearly killed me
  4190 | D:10     | had nice streak, but dangerous, got good xp
  4195 | D:10     | Noticed Sonja
  4289 | D:10     | Killed a hill giant
  4301 | D:10     | Killed Sonja
  4490 | D:10     | Found Der Vud's Antique Armour Shop.
  4580 | D:11     | Found a staircase to the Orcish Mines.
  4585 | D:11     | Noticed a hill giant
  4593 | D:11     | Killed a hill giant
  4741 | D:12     | Gained mutation: You are frail (-10% HP). [potion of mutation]
  4741 | D:12     | Gained mutation: Your flesh is cold resistant. [potion of mutation]
  4752 | D:12     | Reached XP level 12. HP: 58/75 MP: 1/15
  4898 | D:12     | Gained mutation: Your system is resistant to poisons. [mutagenic meat]
  4902 | D:12     | Reached ****** piety under Cheibriados
  4985 | D:13     | Gained mutation: You regenerate slowly when monsters are visible. [potion of mutation]
  4985 | D:13     | Lost mutation: You regenerate slowly when monsters are visible. [potion of mutation]
  4985 | D:13     | Gained mutation: You occasionally shout uncontrollably at your foes. [potion of mutation]
  4993 | D:13     | Found a frozen archway.
  5035 | IceCv    | Entered an ice cave
  5181 | D:13     | Noticed Josephine
  5195 | D:13     | Reached skill level 10 in Dodging
  5200 | D:13     | Killed Josephine
  5206 | D:13     | Reached skill level 5 in Invocations
  5420 | D:9      | Reached skill level 10 in Fighting
  5719 | Lair:1   | Noticed an eight-headed hydra
  5732 | Lair:1   | Killed an eight-headed hydra
  5857 | Lair:4   | Reached XP level 13. HP: 83/83 MP: 17/17
  6015 | Lair:5   | Noticed Kirke
  6698 | Lair:5   | Reached skill level 5 in Evocations
  7047 | Lair:6   | Found a staircase to the Swamp.
  7222 | Lair:6   | Reached skill level 5 in Stealth
  7673 | Lair:8   | Entered Level 8 of the Lair of Beasts
  7708 | Lair:8   | Noticed Maud
  7712 | Lair:8   | Reached XP level 14. HP: 89/89 MP: 21/21
  7724 | Lair:8   | Killed Maud
  7792 | Lair:8   | Reached skill level 5 in Spellcasting
  8215 | Lair:8   | good, nearly got money for statue form, now orcs and i have it
  8236 | Lair:8   | Learned a level 3 spell: Regeneration
  8240 | Lair:8   | Learned a level 3 spell: Conjure Flame
  8346 | Lair:6   | You fall through a shaft for 2 floors!
  8674 | Orc:1    | Entered Level 1 of the Orcish Mines
  8779 | Orc:2    | Entered Level 2 of the Orcish Mines
  9022 | D:8      | Bought the Papyrus of the Mountains and Aid for 1012 gold pieces
  9029 | D:8      | Learned a level 6 spell: Statue Form
  9032 | D:8      | Learned a level 2 spell: Shroud of Golubria
  9167 | Orc:2    | Paralysed by an orc sorcerer for 4 turns
  9219 | Orc:2    | Reached skill level 1 in Transmutations
  9248 | Orc:2    | Reached skill level 1 in Earth Magic
  9265 | Orc:2    | Found a roughly hewn altar of Beogh.
  9365 | Orc:2    | Found a roughly hewn altar of Beogh.
  9414 | Orc:2    | Found a staircase to the Elven Halls.
  9574 | Orc:2    | Found Xuzipn's Antique Weapon Shoppe.
  9574 | Orc:2    | Found Cytowkel's Armour Emporium.
  9574 | Orc:2    | Found Waatodef's Distillery.
  9577 | Orc:2    | Found Hunual's Gadget Shoppe.
  9625 | Orc:2    | Bought a potion of mutation for 32 gold pieces
  9625 | Orc:2    | Gained mutation: You are partially covered in large bone plates (AC +2, SH +2). [potion of mutation]
  9625 | Orc:2    | Gained mutation: You tend to lose your temper in combat. [potion of mutation]
  9625 | Orc:2    | Lost mutation: You occasionally shout uncontrollably at your foes. [potion of mutation]
  9627 | Orc:2    | Bought a +0 large shield for 67 gold pieces
  9956 | Orc:1    | Found a roughly hewn altar of Beogh.
 10185 | Orc:2    | Bought a potion of heal wounds for 65 gold pieces
 10185 | Orc:2    | Bought a potion of agility for 52 gold pieces
 10185 | Orc:2    | Bought a potion of agility for 52 gold pieces
 10185 | Orc:2    | Bought a potion of magic for 104 gold pieces
 10544 | Swamp:1  | Entered Level 1 of the Swamp
 10639 | Swamp:1  | HP: 1/89 [alligator (7)]
 10750 | Swamp:2  | Reached skill level 5 in Transmutations
 10758 | Swamp:2  | Reached XP level 15. HP: 71/94 MP: 10/23
 10765 | Swamp:2  | Slain by an alligator

Skill      XL: |  1  2  3  4  5  6  7  8  9 10 11 12 13 14 |
---------------+-------------------------------------------+-----
Unarmed Combat | 1 2 3 4 5 6 9 11 12 13 | 13.9
Fighting       | 4 6 8 10 | 10.6
Dodging        | 5 7 9 10 12 13 | 13.0
Air Magic      | 2 |  2.3
Evocations     | 4 6 7 |  7.1
Invocations    | 3 6 |  6.1
Stealth        | 6 7 |  7.9
Spellcasting   | 4 5 |  5.7
Transmutations | 5 |  5.2
Earth Magic    | 4 |  4.8
Necromancy     | |  4.0

Action                   |  1- 3 |  4- 6 |  7- 9 | 10-12 | 13-15 || total
-------------------------+-------+-------+-------+-------+-------++-------
Melee: Unarmed           |    38 |    41 |   119 |   586 |   760 ||  1544
       Constrict         |    10 |    17 |    36 |    81 |   182 ||   326
       Tentacles         |     8 |    14 |    44 |   220 |   310 ||   596
       Punch             |       |     3 |    19 |   100 |   156 ||   278
       Falchion          |       |    18 |    89 |       |       ||   107
Throw: Stone             |       |       |     1 |       |       ||     1
 Cast: Pain              |    42 |     9 |     3 |       |       ||    54
       Animate Skeleton  |     6 |     8 |    20 |    25 |    30 ||    89
       Regeneration      |     2 |     4 |    24 |    46 |    54 ||   130
       Animate Dead      |       |       |       |    15 |    26 ||    41
       Mephitic Cloud    |       |       |       |    14 |     8 ||    22
Invok: Slouch            |       |       |       |     2 |    17 ||    19
       Temporal Distorti |       |       |       |       |     2 ||     2
 Abil: Blink             |       |       |     1 |       |     2 ||     3
Evoke: Wand              |       |       |    11 |    26 |    17 ||    54
       Sack of spiders   |       |       |       |       |     5 ||     5
  Use: Potion            |     1 |     1 |     9 |     8 |     6 ||    25
       Scroll            |       |       |     6 |     7 |    15 ||    28
 Stab: Sleeping          |     6 |     1 |    13 |    21 |    30 ||    71
       Distracted        |       |     2 |       |     4 |    16 ||    22
       Invisible         |       |       |       |     7 |       ||     7
       Confused          |       |       |       |     8 |     3 ||    11
       Paralysed         |       |       |       |     5 |       ||     5
  Eat: Chunk             |       |     2 |    12 |    11 |     9 ||    34
       Meat ration       |       |       |     1 |     1 |     1 ||     3
       Royal jelly       |       |       |       |     1 |       ||     1
       Pizza             |       |       |       |     1 |       ||     1
       Bread ration      |       |       |       |       |     1 ||     1
Armor: Skin              |     2 |     4 |    65 |    51 |    25 ||   147
Dodge: Dodged            |    31 |    31 |    99 |   458 |   805 ||  1424
Block: Other             |       |       |       |       |     5 ||     5
